 Dungeon Crawl Stone Soup version 0.19-a0-1513-gf6d23ed (webtiles) character file.

2602 Duffy the Cruncher (level 9, 49/49 HPs)
             Began as a Vine Stalker Gladiator on Sept 12, 2016.
             Was an Initiate of Makhleb.
             Quit the game on level 7 of the Dungeon.
             The game lasted 00:06:49 (4951 turns).

Duffy the Cruncher (Vine Stalker Gladiator)         Turns: 4951, Time: 00:06:50

Health: 49/49      AC: 14    Str: 21    XL:     9   Next: 59%
Magic:  10/10      EV:  7    Int:  8    God:    Makhleb [......]
Gold:   336        SH:  3    Dex: 15    Spells: 0 memorised, 8 levels left

rFire  . . .     SeeInvis .     v - +2 quarterstaff (chaos)
rCold  . . .     Gourm    .     i - +0 plate armour
rNeg   . . .     Faith    .     (shield currently unavailable)
rPois  .         Spirit   +     c - +0 helmet
rElec  .         Dismiss  .     w - +1 cloak
rCorr  .         Reflect  +     (no gloves)
MR     +....     Harm     .     (no boots)
Stlth  ..........               z - +3 amulet of reflection
                                (no ring)
                                (no ring)

@: very slightly contaminated
A: fangs 3, regeneration 1, magic shield, antimagic bite, no device heal 3, rot
immunity
a: Renounce Religion


You were on level 7 of the Dungeon.
You worshipped Makhleb.
Makhleb was noncommittal.
You were hungry.

You visited 2 branches of the dungeon, and saw 8 of its levels.

You collected 336 gold pieces.

Inventory:

Hand Weapons
 a - a +0 quarterstaff
 v - a +2 quarterstaff of chaos (weapon)
Missiles
 d - 3 throwing nets (quivered)
Armour
 c - a +0 helmet (worn)
 i - a +0 plate armour (worn)
 w - a +1 cloak (worn)
Jewellery
 z - a +3 amulet of reflection (around neck)
Scrolls
 h - 7 scrolls of identify
 n - 2 scrolls of remove curse
Potions
 b - a potion of might {unknown}
 e - a potion of beneficial mutation {unknown}
 k - 2 potions of curing {unknown}
 m - 2 potions of cancellation {unknown}
 o - a potion of haste {unknown}
 p - 2 potions of lignification {unknown}
 u - a potion of magic {unknown}
 B - a potion of invisibility
Comestibles
 f - 5 bread rations
 q - a meat ration
 r - a beef jerky
 t - 4 fruits


   Skills:
 - Level 6.4 Fighting
 + Level 9.4 Staves
 - Level 1.7 Throwing
 + Level 3.5 Armour
 - Level 2.4 Dodging


You had 8 spell levels left.
You didn't know any spells.

Dungeon Overview and Level Annotations

Branches:
Dungeon (7/15)             Temple (1/1) D:7

Altars:
Ashenzari
Cheibriados
Dithmenos
Elyvilon
Fedhas
Gozag
Hepliaklqana
Kikubaaqudgha
Makhleb
Nemelex Xobeh
Okawaru
Qazlal
Ru
Trog
Uskayaw
Vehumet
Xom
Yredelemnul
Zin
The Shining One


Innate Abilities, Weirdness & Mutations

You have razor-sharp teeth.
Your natural rate of healing is unusually fast.
When hurt, damage is shared between your health and your magic reserves.
Your bite disrupts and absorbs the magic of your enemies.
Potions and wands cannot restore your health.
You are immune to rotting.


Message History

It is a scroll of enchant armour.
Your +0 cloak glows green for a moment.
As you read the scroll labeled YFRUATUSHRU, it crumbles to dust.
You feel blessed for a moment.
It was a scroll of remove curse.
As you read the scroll labeled POK NATOTEATZA, it crumbles to dust.
The scroll dissolves into smoke.
It was a scroll of fog.
As you read the scroll labeled PEATAD ICKEGI, it crumbles to dust.
The air around you briefly surges with heat, but it dissipates.
It was a scroll of immolation.
You are feeling hungry.
As you read the scroll labeled ROROSSARAE, it crumbles to dust.
It is a scroll of identify.
g - a scroll of blinking Blink to where?
Press: ? - help, Dir - move target cursor You are very lightly contaminated with residual magic.
As you read the scroll of blinking, it crumbles to dust.
As you read the scroll of identify, it crumbles to dust.
B - a potion of invisibility Are you sure you want to abandon this character and quit the game? (Confirm with "yes".)

#..# ##......# #.#..###
#.>. ........## #.#...).
#.## #.......# #.#.####
#. #.......# #.#.#
####.......###.#.####
............##.#.....
#.......#.##.######
#.000...#..#.######
#.@00.............#
#.000.............#
#0................#
######.##..............#
#......######..........#
#.###########..........#
#....................))#
############.........[)#
#.#####.##...


There were no monsters in sight!

Vanquished Creatures
  Prince Ribbit (D:5)
  Grinder (D:4)
  Sigmund (D:4)
  Menkaure (D:5)
  An orc warrior (D:6)
  3 phantoms
  2 ogres
  A necrophage (D:7)
  2 centaurs
  A giant frog (D:7)
  A howler monkey (D:4)
  2 crimson imps
  A centaur zombie (D:4)
  A hound (D:4)
  4 orc priests
  Crazy Yiuf (D:5)
  A giant frog zombie (D:5)
  A giant frog skeleton (D:7)
  9 orc wizards
  4 worker ants
  Natasha (D:1)
  3 iguanas
  A worker ant zombie (D:5)
  4 gnolls
  7 adders
  A shadow imp (D:5)
  2 oozes
  An adder zombie (D:6)
  An adder skeleton (D:6)
  2 worms
  3 dart slugs
  4 giant geckos
  32 orcs
  3 giant cockroaches
  11 goblins
  12 hobgoblins
  8 jackals
  2 quokkas
  2 ball pythons
  4 bats
  5 giant newts
  A jackal zombie (D:5)
  4 kobolds
  6 rats
159 creatures vanquished.

Notes
Turn   | Place    | Note
-------+----------+-------------------------------------------
     0 | D:1      | Duffy the Vine Stalker Gladiator began the quest for the Orb.
     0 | D:1      | Reached XP level 1. HP: 11/11 MP: 2/2
   338 | D:1      | Reached skill level 3 in Staves
   357 | D:1      | Reached XP level 2. HP: 15/15 MP: 3/3
   609 | D:2      | Noticed Natasha
   615 | D:1      | Noticed a crimson imp
   618 | D:1      | Killed Natasha
   618 | D:1      | Reached XP level 3. HP: 19/19 MP: 4/4
   698 | D:2      | Gained mutation: Your natural rate of healing is unusually fast. [Vine Stalker growth]
   698 | D:2      | Reached XP level 4. HP: 23/23 MP: 5/5
   800 | D:2      | Reached skill level 4 in Staves
  1426 | D:2      | Reached XP level 5. HP: 26/28 MP: 6/6
  2014 | D:4      | Reached skill level 5 in Staves
  2085 | D:4      | Reached XP level 6. HP: 25/32 MP: 5/7
  2147 | D:4      | Noticed Sigmund
  2158 | D:4      | Killed Sigmund
  2158 | D:4      | Reached XP level 7. HP: 33/37 MP: 8/8
  2591 | D:4      | Reached skill level 6 in Staves
  2611 | D:4      | Noticed Grinder
  2653 | D:4      | Killed Grinder
  2795 | D:5      | Entered Level 5 of the Dungeon
  2860 | D:5      | Gained mutation: You have razor-sharp teeth. [Vine Stalker growth]
  2860 | D:5      | Reached XP level 8. HP: 37/42 MP: 9/9
  3027 | D:5      | Reached skill level 5 in Fighting
  3027 | D:5      | Reached skill level 7 in Staves
  3056 | D:5      | Noticed Prince Ribbit
  3147 | D:5      | Killed Prince Ribbit
  3296 | D:5      | Found a runed door.
  3300 | D:5      | Noticed Crazy Yiuf
  3305 | D:5      | Killed Crazy Yiuf
  3380 | D:5      | Reached skill level 8 in Staves
  3860 | D:5      | Noticed Menkaure
  3870 | D:5      | Killed Menkaure
  3870 | D:5      | Reached XP level 9. HP: 13/48 MP: 6/10
  4565 | D:7      | Reached skill level 9 in Staves
  4625 | D:7      | Found an ancient bone altar of Kikubaaqudgha.
  4629 | D:7      | Found a basalt altar of Yredelemnul.
  4629 | D:7      | Found a bloodstained altar of Trog.
  4629 | D:7      | Found a sparkling altar of Nemelex Xobeh.
  4807 | D:7      | Found a staircase to the Ecumenical Temple.
  4854 | Temple   | Entered the Ecumenical Temple
  4930 | Temple   | Became a worshipper of Makhleb the Destroyer
  4951 | D:7      | Quit the game

Vault maps used:
D:1:      dpeg_arrival_tiny_k
D:2:      uniq_natasha
D:4:      first_bread, uniq_grinder, uniq_sigmund
D:5:      uniq_menkaure, uniq_crazy_yiuf_cottage, uniq_prince_ribbit1
D:7:      grunt_temple_overflow_open
Temple:   compressed_dpeg_circular_temple

Skill      XL: |  1  2  3  4  5  6  7  8  9 |
---------------+----------------------------+-----
Fighting       | 2 3 4 6 |  6.4
Staves         | 3 4 5 6 8 9 |  9.4
Armour         | 2 3 |  3.5
Throwing       | |  1.7
Dodging        | |  2.4

Action                   |  1- 3 |  4- 6 |  7- 9 || total
-------------------------+-------+-------+-------++-------
Melee: Quarterstaff      |    48 |   186 |   280 ||   514
       Bite              |    12 |    53 |    91 ||   156
       Unarmed           |       |       |     2 ||     2
  Use: Scroll            |       |       |     9 ||     9
 Stab: Paralysed         |       |       |     2 ||     2
  Eat: Chunk             |       |     4 |     9 ||    13
Armor: Plate armour      |    31 |   156 |   136 ||   323
       Leather armour    |     1 |       |       ||     1
Dodge: Dodged            |    12 |    56 |    74 ||   142
Block: Other             |       |       |     5 ||     5
       Reflection        |       |       |     1 ||     1
